 Dungeon Crawl Stone Soup version 0.26-a0-639-g72c4674329 (webtiles) character file.

Game seed: 2999803341521128396

49 Uther the Skirmisher (level 3, -3/33 HPs)
             Began as a Hill Orc Fighter on Sept 17, 2020.
             Slain by a hobgoblin
             ... wielding a +0 club
             ... led by Robin
              (8 damage)
             ... on level 2 of the Dungeon.
             The game lasted 00:01:10 (1087 turns).

Uther the Skirmisher (Hill Orc Fighter)             Turns: 1087, Time: 00:01:10

Health: -3/33      AC:  6    Str: 19    XL:     3   Next: 75%
Magic:  3/3        EV:  7    Int:  8    God:
Gold:   45         SH:  9    Dex: 10    Spells: 2/2 levels left

rFire    . . .     SeeInvis .   a - +0 war axe
rCold    . . .     Faith    .   c - +0 kite shield
rNeg     . . .     Spirit   .   b - +0 scale mail
rPois    .         Reflect  .   (no helmet)
rElec    .         Harm     .   (no cloak)
rCorr    +         Rampage  .   (no gloves)
MR       .....                  (no boots)
Stlth    ..........             h - amulet of regeneration
HPRegen  0.51/turn              g - ring of resist corrosion
MPRegen  0.08/turn              (no ring)

@: no status effects
A: no striking features
a: no special abilities


You were on level 2 of the Dungeon.
You visited 1 branch of the dungeon, and saw 2 of its levels.

You collected 45 gold pieces.

Inventory:

Hand Weapons
 a - a +0 war axe (weapon)
Armour
 b - a +0 scale mail (worn)
 c - a +0 kite shield (worn)
Jewellery
 g - a ring of resist corrosion (left hand)
 h - an amulet of regeneration (around neck)
 i - an uncursed ring of protection from cold {unknown}
Potions
 d - a potion of might
 f - a potion of heal wounds {unknown}


   Skills:
 + Level 4.1 Fighting
 + Level 3.3 Axes
 + Level 3.6 Armour
 + Level 1.0 Dodging
 + Level 3.7 Shields


You had 2 spell levels left.
You didn't know any spells.
Your spell library was empty.

Dungeon Overview and Level Annotations

Branches:
Dungeon (2/15)

Altars:

Annotations:
D:2 Robin


Message History

Robin is moderately wounded.
You slash the kobold!
You kill the kobold!
You barely miss the hobgoblin. You barely miss the goblin.
You closely miss the hobgoblin. Robin hits you but does no damage.
The hobgoblin closely misses you. The hobgoblin barely misses you.
The goblin hits you with a +0 dagger. Robin hits you with a +0 spear.
* * * LOW HITPOINT WARNING * * *
The hobgoblin hits you but does no damage.
You block the hobgoblin's attack.
You slash Robin!
Robin is almost dead.
You barely miss the hobgoblin. You completely miss the hobgoblin.
You hit the goblin. You closely miss the hobgoblin.
The hobgoblin no longer looks unusually strong.
The hobgoblin hits you.
* * * LOW HITPOINT WARNING * * *
The goblin hits you but does no damage. Robin hits you but does no damage.
You block the hobgoblin's attack. The hobgoblin hits you with a +0 club!
You die...

#.....## #......
..........# ####......
....#...#.# ..........
..........# ##......
..#... ...## #....<..
$.....##...## ##.......
#...........####........
.).....g................
......g@g)..............
.....#gg###.....#.#.....
.#....)..##..##.#.##....
......<.....###.#†######
.........#....#.......##
...........>...#........
........###.............
........# #.#...........
...#.....#..##..........


You could see Robin, 3 hobgoblins and a goblin (strong).

Vanquished Creatures
  An adder (D:2)
  A worm (D:2)
  2 giant cockroaches (D:2)
  4 hobgoblins
  3 bats (D:1)
  14 goblins
  4 kobolds
  4 rats (D:1)
33 creatures vanquished.

Notes
Turn   | Place    | Note
-------+----------+-------------------------------------------
     0 | D:1      | Uther the Hill Orc Fighter began the quest for the Orb.
     0 | D:1      | Reached XP level 1. HP: 19/19 MP: 1/1
   268 | D:1      | Reached XP level 2. HP: 27/27 MP: 2/2
  1019 | D:2      | Reached XP level 3. HP: 32/33 MP: 3/3
  1066 | D:2      | Noticed Robin
  1070 | D:2      | Reached skill level 4 in Fighting
  1078 | D:2      | Reached skill level 1 in Dodging
  1087 | D:2      | Slain by a hobgoblin

Illustrated notes

Levels and vault maps discovered:
D:1:      elethiomel_arrival_maze, layout_basic, chequers_mini_garden,
          minivault_11
D:2:      layout_rooms, okawaru_trees_2, uniq_robin

Skill      XL: |  1  2  3 |
---------------+----------+-----
Axes           | 3 |  3.3
Fighting       | 4 |  4.1
Dodging        | 1 |  1.0
Armour         | |  3.6
Shields        | |  3.7

Action                   || total
-------------------------++-------
Melee: War axe           ||    70
  Use: Scroll            ||     1
       Potion            ||     2
Armor: Scale mail        ||    47
Dodge: Dodged            ||    37
Block: Kite shield       ||    59

Table legend: (Time is in decaauts)
 A = Elapsed time spent in this place.
 B = Non-inter-level travel time spent in this place.
 C = Inter-level travel time spent in this place.
 D = Time resting spent in this place.
 E = Time spent auto-exploring this place.
 F = Levels seen in this place.
 G = Mean time per level.
                   A        B        C        D        E       F      G
               +--------+--------+--------+--------+--------+-----+--------+
         Total |   1114 |   1097 |     17 |      0 |    920 |   2 |  557.0 |
       Dungeon |   1114 |   1097 |     17 |      0 |    920 |   2 |  557.0 |
               +--------+--------+--------+--------+--------+-----+--------+

Top non-repeatable levels by time:
     D:1: 1009 daAuts
     D:2: 104 daAuts
